 Dungeon Sprint DCSS version 0.22-b1-26-g9dbaab1 (webtiles) character file.

270 Lilu the Fighter (level 6, -9/74 HPs)
             Began as a Minotaur Fighter on Aug 6, 2018.
             Was an Initiate of Okawaru.
             Mangled by an unseen horror (10 damage)
             ... in the Dungeon (Sprint IX: "|||||||||||||||||||||||||||||").
             The game lasted 00:02:35 (438 turns).

Lilu the Fighter (Minotaur Fighter)                  Turns: 438, Time: 00:02:35

Health: -9/74      AC:  8    Str: 22    XL:     6   Next: 1%
Magic:  5/5        EV:  8    Int: 11    God:    Okawaru [......]
Gold:   0          SH:  9    Dex: 10    Spells: 5/5 levels left

rFire    . . .     SeeInvis .   n - +1 broad axe (freeze)
rCold    . . .     Gourm    .   c - +0 shield
rNeg     . . .     Faith    .   p - +2 ring mail
rPois    .         Spirit   .   (helmet restricted)
rElec    .         Reflect  .   (no cloak)
rCorr    .         Harm     .   o - +0 pair of gloves
MR       .....     NoTele   +   (no boots)
Stlth    ..........             (no amulet)
HPRegen  0.22/turn              q - +3 ring of intelligence
MPRegen  0.09/turn              r - +3 ring of intelligence

@: very slightly contaminated
A: retaliatory headbutt, horns 2
a: Renounce Religion


You were in the Dungeon.
You worshipped Okawaru.
Okawaru was noncommittal.
You were not hungry.

You visited 1 branch

Inventory:

Hand Weapons
 n - a +1 broad axe of freezing (weapon)
Armour
 c - a +0 shield (worn)
 o - a +0 pair of gloves (worn)
 p - a +2 ring mail (worn)
Jewellery
 q - a +3 ring of intelligence (left hand)
 r - a +3 ring of intelligence (right hand)
Wands
 m - a wand of acid (10)
Scrolls
 h - 3 scrolls of remove curse
 k - a scroll of blinking
 l - 2 scrolls of amnesia
Potions
 d - a potion of invisibility
 e - 4 potions of curing
 g - a potion of heal wounds
 i - 4 potions of magic
 j - a potion of berserk rage
Comestibles
 f - a ration


   Skills:
 - Level 14.2 Fighting
 + Level 4.0 Axes
 - Level 3.6 Armour
 - Level 3.6 Shields


You had 5 spell levels left.
You didn't know any spells.
Your spell library was empty.

Dungeon Overview and Level Annotations

Branches:
Dungeon (1/1)

Altars:
Cheibriados
Dithmenos
Elyvilon
Fedhas
Gozag
Hepliaklqana
Kikubaaqudgha
Makhleb
Nemelex Xobeh
Okawaru
Qazlal
Ru
Sif Muna
Trog
Uskayaw
Vehumet
Wu Jian
Xom
Yredelemnul
Zin
The Shining One
Beogh
Jiyva
Lugonu


Innate Abilities, Weirdness & Mutations

You reflexively headbutt those who attack you in melee.
You have a pair of horns on your head.


Message History

You closely miss the phantom.
The phantom is moderately damaged.
You miss something. Something hits you. Something hits you!
The phantom hits you.
You slash the phantom! Your headbutt misses the phantom.
The phantom is heavily damaged.
You slash something! You freeze something. Something hits you.
* * * LOW HITPOINT WARNING * * *
Something hits you but does no damage. The phantom hits you.
* * * LOW HITPOINT WARNING * * *
Something hits you!
* * * LOW HITPOINT WARNING * * *
The phantom hits you.
* * * LOW HITPOINT WARNING * * *
You hit the phantom but do no damage. You headbutt the phantom!
The phantom is almost destroyed.
You slash something! You freeze something. Something hits you.
* * * LOW HITPOINT WARNING * * *
Something hits you!
You die...

▓_▓
▓_▓
▓_▓
▓'▓
▓.▓
▓.▓
▓|▓
▓W▓
▓@▓
▓{▓
▓S▓
▓l▓
▓r▓
▓'▓
▓.▓
▓.▓
▓r▓


You could see a phantom, an iguana, an adder and a quokka.

Vanquished Creatures
  A water moccasin (D)
  An ice beast (D)
  A scorpion (D)
  A gnoll (D)
  A shadow imp (D)
  A bat (D)
  2 hobgoblins (D)
  A kobold (D)
  A jackal skeleton (D)
  A rat (D)
11 creatures vanquished.

Notes
Turn   | Place    | Note
-------+----------+-------------------------------------------
     0 | D        | Lilu the Minotaur Fighter began the quest for the Orb.
     0 | D        | Reached XP level 1. HP: 19/19 MP: 0/0
     5 | D        | Reached skill level 4 in Fighting
    53 | D        | Noticed a water moccasin
    53 | D        | Noticed a scorpion
    53 | D        | Noticed an ice beast
    60 | D        | Killed a water moccasin
    60 | D        | Reached skill level 11 in Fighting
    60 | D        | Reached XP level 2. HP: 20/40 MP: 1/1
    60 | D        | Reached XP level 3. HP: 24/47 MP: 2/2
    60 | D        | Reached XP level 4. HP: 28/55 MP: 3/3
    62 | D        | Reached skill level 12 in Fighting
    62 | D        | Reached XP level 5. HP: 33/63 MP: 4/4
    65 | D        | Killed an ice beast
    65 | D        | Reached skill level 14 in Fighting
    71 | D        | Reached XP level 6. HP: 23/74 MP: 5/5
   316 | D        | Found a roughly hewn altar of Beogh.
   316 | D        | Found a snail-covered altar of Cheibriados.
   316 | D        | Found a shadowy altar of Dithmenos.
   316 | D        | Found a white marble altar of Elyvilon.
   316 | D        | Found a blossoming altar of Fedhas.
   316 | D        | Found an opulent altar of Gozag.
   317 | D        | Found a hazy altar of Hepliaklqana.
   318 | D        | Found a viscous altar of Jiyva.
   319 | D        | Found an ancient bone altar of Kikubaaqudgha.
   320 | D        | Found a corrupted altar of Lugonu.
   321 | D        | Found a burning altar of Makhleb.
   322 | D        | Found a sparkling altar of Nemelex Xobeh.
   323 | D        | Found an iron altar of Okawaru.
   324 | D        | Found a stormy altar of Qazlal.
   325 | D        | Found a sacrificial altar of Ru.
   326 | D        | Found a deep blue altar of Sif Muna.
   327 | D        | Found a bloodstained altar of Trog.
   328 | D        | Found a hide-covered altar of Uskayaw.
   329 | D        | Found a radiant altar of Vehumet.
   330 | D        | Found an ornate altar of the Wu Jian Council.
   331 | D        | Became a worshipper of Warmaster Okawaru
   332 | D        | Found a shimmering altar of Xom.
   333 | D        | Found a basalt altar of Yredelemnul.
   334 | D        | Found a glowing silver altar of Zin.
   335 | D        | Found a glowing golden altar of the Shining One.
   438 | D        | HP: 1/74 [something (3)]
   438 | D        | Mangled by an unseen horror

Skill      XL: |  1  2  3  4  5  6 |
---------------+-------------------+-----
Fighting       | 11 12 14 | 14.2
Axes           | 3 4 |  4.0
Armour         | |  3.6
Shields        | |  3.6

Action                   |  1- 3 |  4- 6 || total
-------------------------+-------+-------++-------
Melee: War axe           |    17 |    10 ||    27
       Headbutt          |     1 |     4 ||     5
       Broad axe         |       |    15 ||    15
  Use: Potion            |     3 |     2 ||     5
       Scroll            |       |     1 ||     1
Armor: Scale mail        |     5 |     1 ||     6
       Ring mail         |       |     8 ||     8
Dodge: Dodged            |     5 |     5 ||    10
Block: Shield            |    10 |    11 ||    21
